 Dungeon Crawl Stone Soup version 0.19-a0-1170-g18f0c96 (webtiles) character file.

36 Rhoefr the Sneak (level 3, 25/28 HPs)
             Began as a Naga Ice Elementalist on Aug 16, 2016.
             Quit the game on level 2 of the Dungeon.
             The game lasted 00:05:04 (1579 turns).

Rhoefr the Sneak (Naga Ice Elementalist)            Turns: 1579, Time: 00:05:05

Health: 25/28      AC:  4    Str: 10    XL:     3   Next: 37%
Magic:  6/6        EV: 10    Int: 16    God:
Gold:   126        SH:  0    Dex: 11    Spells: 3 memorised, 0 levels left

rFire  . . .     SeeInvis +     i - +0 dagger
rCold  . . .     Gourm    .     a - +0 robe
rNeg   . . .     Faith    .     (no shield)
rPois  +         Spirit   .     (no helmet)
rElec  .         Dismiss  .     (no cloak)
rCorr  .         Reflect  .     k - +1 pair of gloves
MR     .....     Harm     .     (no barding)
Stlth  +++.......               (no amulet)
                                (no ring)
                                (no ring)

@: very slow
A: see invisible, deformed body, poison resistance, slowness 2, slow metabolism
1, spit poison 2, AC +1
a: Spit Poison


You were on level 2 of the Dungeon.
You were hungry.

You visited 1 branch of the dungeon, and saw 2 of its levels.

You collected 126 gold pieces.

Inventory:

Hand Weapons
 i - a +0 dagger (weapon)
Armour
 a - a +0 robe (worn)
 k - a +1 pair of gloves (worn)
 q - a +0 buckler
Scrolls
 e - 3 scrolls of teleportation {unknown}
 g - a scroll of identify {unknown}
 h - a scroll of enchant weapon {unknown}
 j - a scroll of fear {unknown}
 m - a scroll of recharging {unknown}
Potions
 d - a potion of heal wounds {unknown}
 l - a potion of lignification {unknown}
 n - 3 potions of curing {unknown}
 o - a potion of agility {unknown}
Books
 b - a book of Frost

   Spells                             Type                      Level
   a - Freeze                         Ice                          1
   b - Throw Frost                    Conjuration/Ice              2
   c - Ozocubu's Armour               Charms/Ice                   3
   d - Throw Icicle                   Conjuration/Ice              4
   e - Summon Ice Beast               Ice/Summoning                4
Comestibles
 c - 2 bread rations
 f - a royal jelly


   Skills:
 - Level 1.5 Dodging
 + Level 3.8 Stealth
 * Level 2.4 Spellcasting
 - Level 1.0 Conjurations
 * Level 3.7 Ice Magic


You couldn't memorise any spells.
You knew the following spells:

 Your Spells              Type           Power        Failure   Level  Hunger
a - Freeze                Ice            ##..         6%          1    #......
b - Throw Frost           Conj/Ice       #.....       14%         2    ###....
c - Ozocubu's Armour      Chrm/Ice       #.......     34%         3    ###....


Dungeon Overview and Level Annotations

Branches:
Dungeon (2/15)

Altars:
The Shining One


Innate Abilities, Weirdness & Mutations

You cannot wear boots.
Your serpentine skin is tough. (AC +1)
You have supernaturally acute eyesight. (SInv)
Armour fits poorly on your strangely shaped body.
Your system is resistant to poisons. (rPois)
You cover ground very slowly.
You have a slow metabolism.
You can spit poison.


Message History

The hobgoblin completely misses you.
You barely miss the hobgoblin.
The hobgoblin is severely wounded.
The hobgoblin hits you.
You hit the hobgoblin.
You kill the hobgoblin!
You hit the hobgoblin.
The hobgoblin is moderately wounded.
The hobgoblin barely misses you.
You barely miss the hobgoblin.
The hobgoblin is moderately wounded.
The hobgoblin hits you but does no damage.
You hit the hobgoblin.
The hobgoblin is severely wounded.
The hobgoblin hits you.
You are feeling hungry.
You hit the hobgoblin.
You kill the hobgoblin!
No target in view!
Are you sure you want to abandon this character and quit the game? (Confirm with "yes".)

#.#.##.###.....######.##.###.#
#......# ##...## #........#
###.#### ##.## ######.#####
#.# #.# #.......# #.# #######
#.####..# #.### ≈≈≈§§≈≈ #.#
#(.# #...##≈≈...§≈ #.####..#
##....#≈..§§§§####.##>...#
##.....+.§§§≈§†@.##.##.##.#
##....###≈.!§§§≈#.##.#...#.#
........#§≈.§§≈≈#.'........#
##....###≈≈§≈≈≈≈#.####...###
##...# ########## ##....#
#.### #.....# ####.# #.#
##...## #.# #.# ##'## #.#
#.###### #.# #.#


There were no monsters in sight!

Vanquished Creatures
  2 dart slugs (D:1)
  A giant gecko (D:1)
  A giant cockroach (D:2)
  4 goblins
  4 hobgoblins
  A quokka (D:1)
  4 bats
  3 giant newts (D:1)
  3 kobolds (D:1)
  8 rats
31 creatures vanquished.

Notes
Turn   | Place    | Note
-------+----------+-------------------------------------------
     0 | D:1      | Rhoefr the Naga Ice Elementalist began the quest for the Orb.
     0 | D:1      | Reached XP level 1. HP: 15/15 MP: 3/3
    96 | D:1      | Found a glowing golden altar of the Shining One.
   138 | D:1      | Reached XP level 2. HP: 22/22 MP: 5/5
   155 | D:1      | Learned a level 2 spell: Throw Frost
  1066 | D:1      | Reached XP level 3. HP: 28/28 MP: 3/6
  1516 | D:2      | Learned a level 3 spell: Ozocubu's Armour
  1579 | D:2      | Quit the game

Vault maps used:
D:1:      scummos_arrival_simple_crosswalls, corexii_corridor_pit,
          serial_park_tiny_2, tso_altar
D:2:      kennysheep_generic_room_8

Action                   || total
-------------------------++-------
Melee: Unarmed           ||     5
       Whip              ||     6
       Dagger            ||    69
 Cast: Freeze            ||    21
 Stab: Sleeping          ||     4
  Eat: Chunk             ||     1
Armor: Robe              ||    25
Dodge: Dodged            ||    55
